 Dungeon Crawl Stone Soup version 0.28.0-43-g3370ac3207 (webtiles) character file.

Game seed: 8153260923991058844

4817 silky the Cleaver (level 10, -4/108 HPs)
             Began as a Minotaur Chaos Knight on Mar 29, 2022.
             Was a Plaything of Xom.
             Slain by a yak (9 damage)
             ... summoned by Xom
             ... on level 9 of the Dungeon.
             The game lasted 00:42:26 (7692 turns).

silky the Cleaver (Minotaur Chaos Knight)           Turns: 7692, Time: 00:42:30

Health: -4/108     AC: 14    Str: 23    XL:     10   Next: 24%
Magic:  0/9        EV: 12    Int:  9    God:    Xom [......]
Gold:   139        SH:  0    Dex: 16    Spells: 8/9 levels left

rFire   . . .      SeeInvis +   a - +4 executioner's axe (venom)
rCold   . . .      Faith    .   (shield currently unavailable)
rNeg    . . .      Spirit   +   L - +1 scale mail "Aqiecas" {+Inv rPois}
rPois   +          Reflect  .   (helmet restricted)
rElec   .          Harm     .   r - +1 cloak
rCorr   .          Rampage  .   o - +1 pair of gloves
Will    .....                   w - +0 pair of boots
Stlth   +.........              l - amulet of guardian spirit
HPRegen 0.28/turn               j - +6 ring of dexterity
MPRegen 0.11/turn               s - ring of see invisible

@: unable to read
A: horns 2, retaliatory headbutt, talons 1, robust 2, strong 1
a: Renounce Religion, Evoke Invisibility


You were on level 9 of the Dungeon.
You worshipped Xom.
You were a very special plaything of Xom.
You visited 1 branch of the dungeon, and saw 9 of its levels.

You collected 466 gold pieces.
You spent 327 gold pieces at shops.

Inventory:

Hand Weapons
 a - a +4 executioner's axe of venom (weapon)
 g - a +2 war axe of flaming
 t - a +5 quarterstaff of chaos
Missiles
 e - 84 bolts
 x - 6 boomerangs
Armour
 b - a +2 leather armour
 o - a +1 pair of gloves (worn)
 r - a +1 cloak (worn)
 w - a +0 pair of boots (worn)
 J - +0 steam dragon scales
 L - the +1 scale mail "Aqiecas" (worn) {+Inv rPois}
   (You bought it in a shop on level 6 of the Dungeon)

   rPois:     It protects you from poison.
   +Inv:      It lets you turn invisible.
Magical Staves
 m - a staff of poison
Jewellery
 h - an amulet of magic regeneration
 j - a +6 ring of dexterity (left hand)
 l - an amulet of guardian spirit (around neck)
 s - a ring of see invisible (right hand)
 z - a +6 ring of dexterity
 D - an amulet of guardian spirit
 E - a ring of resist corrosion
 P - a ring of flight
Wands
 v - a wand of iceblast (8)
Scrolls
 c - a scroll of blinking
 i - 2 scrolls of vulnerability
 n - 2 scrolls of silence
 y - 3 scrolls of immolation {unknown}
 F - a scroll of teleportation
 G - 3 scrolls of amnesia {unknown}
 H - 2 scrolls of fog
 I - a scroll of fear
 N - a scroll of noise {unknown}
 O - a scroll of enchant armour {unknown}
Potions
 d - a potion of attraction {unknown}
 f - 2 potions of lignification
 k - a potion of haste {unknown}
 p - a potion of cancellation {unknown}
 q - 2 potions of brilliance {unknown}
 u - 3 potions of resistance
 A - 2 potions of curing
 B - 2 potions of might
 C - a potion of flight {unknown}
 K - a potion of heal wounds {unknown}
 M - 2 potions of mutation


   Skills:
 + Level 8.8 Fighting
 + Level 9.8 Axes
 + Level 9.5 Staves
 + Level 6.3 Armour
 + Level 4.4 Dodging
 + Level 3.7 Stealth
 + Level 1.3 Evocations


You had 8 spell levels left.
You knew the following spells:

 Your Spells              Type           Power      Damage    Failure   Level
a - Beastly Appendage     Tmut           0%         N/A       67%         1

Your spell library contained the following spells:

 Spells                   Type           Power      Damage    Failure   Level
 Sandblast                Erth           0%         2d4       67%         1
 Slow                     Hex            0%         N/A       67%         1
 Sting                    Tmut/Pois      0%         1d3       67%         1
 Passwall                 Tmut/Erth      0%         N/A       82%         2
 Poisonous Vapours        Pois/Air       0%         N/A       82%         2
 Wereblood                Tmut           0%         N/A       82%         2
 Confusing Touch          Hex            0%         N/A       96%         3
 Inner Flame              Hex/Fire       0%         N/A       96%         3
 Spider Form              Tmut/Pois      0%         N/A       96%         3
 Stone Arrow              Conj/Erth      0%         3d7       96%         3
 Tukima's Dance           Hex            0%         N/A       96%         3
 Vampiric Draining        Necr           0%         2d6       96%         3
 Anguish                  Hex/Necr       0%         N/A       100%        4
 Cause Fear               Hex            0%         N/A       100%        4
 Olgreb's Toxic Radiance  Pois           0%         N/A       100%        4
 Passage of Golubria      Tloc           0%         N/A       100%        4
 Yara's Violent Unravell  Hex/Tmut       0%         3d3       100%        5
 Enfeeble                 Hex            0%         N/A       100%        7
 Discord                  Hex            0%         N/A       100%        8


Dungeon Overview and Level Annotations

Branches:
Dungeon (9/15)             Temple (0/1) D:4
   Lair: D:8-11         Orc: D:9-12

Altars:
Xom

Shops:
D:3 [(=!   D:6 [   D:8 *[


Innate Abilities, Weirdness & Mutations

You have a pair of horns on your head.
You reflexively headbutt those who attack you in melee.
You have sharp toenails.
You are very robust. (+20% HP)
Your muscles are strong. (Str +2)


Message History

The orc warrior hits you from afar with a +3 glaive!
You feel threatened and lose the ability to read scrolls!
The yak misses you. The yak gores you but does no damage. The yak gores you.
The yak gores you but does no damage. The orc warrior completely misses you.
You hit the yak. You headbutt the yak!
The yak is severely wounded.
You slash the yak! You barely miss the yak. You slice the yak!!
The yak looks as sick as possible!
You slash the yak!
The yak looks as sick as possible!
You barely miss the orc warrior. You barely miss the yak.
The orc warrior hits you from afar with a +3 glaive!!
The yak gores you.
The yak gores you but does no damage. x2
The yak closely misses you. You furiously retaliate!
You headbutt the yak! The yak barely misses you. The yak gores you.
The orc warrior closely misses you. You furiously retaliate!
You headbutt the orc warrior. The yak gores you.
The orc warrior hits you from afar with a +3 glaive!
* * * LOW HITPOINT WARNING * * *
The yak gores you but does no damage. x3; The yak gores you.
* * * LOW HITPOINT WARNING * * *
The yak gores you but does no damage. The yak gores you.
* * * LOW HITPOINT WARNING * * *
The orc warrior barely misses you. You furiously retaliate!
You headbutt the orc warrior, but do no damage.
You cannot read scrolls in your current state!
It was a potion of mutation.
You feel extremely strange.
You can once more read scrolls while threatened.
Your iridescent scales disappear.
You feel stupid.
Xom roars with laughter!
You kill the yak!
The yak's corpse disappears in a puff of smoke!
The yak gores you!
* * * LOW HITPOINT WARNING * * *
The orc warrior hits you from afar with a +3 glaive.
* * * LOW HITPOINT WARNING * * *
The yak barely misses you. The yak gores you.
* * * LOW HITPOINT WARNING * * *
The yak gores you!
You die...
Xom is highly amused! ..############# ..# ... ... ..ooo.. ### # oo...

### . ..o ..# #. #o# ..#
#.####o#####..###
####..oYY...........
.....Yo@YY..........
.....YYYYo.....#
......YY.).....#
.......o.......#########
....(...................
...................#####
..################.#####
.. .............
.............


You could see 11 yaks, 2 orc warriors and 5 orcs.

Vanquished Creatures
  The ghost of croobank the Skirmisher, an amateur HOFi (D:3)
  A hornet (D:6)
  Grinder (D:4)
  A shadow (D:8)
  A vampire (D:7)
  A wyvern (D:9)
  A steam dragon (D:8)
  Menkaure (D:4)
  2 orc warriors
  3 water moccasins
  An ice beast (D:5)
  2 sky beasts
  A necrophage (D:3)
  An ogre (D:6)
  A centaur (D:8)
  2 phantoms
  A kobold brigand (D:7)
  A gnoll sergeant (D:5)
  A wyvern zombie (D:7)
  3 scorpions
  A wyvern skeleton (D:7)
  2 jellies
  4 wights (D:8)
  3 centaur zombies
  4 hounds
  Crazy Yiuf (D:3)
  4 orc priests
  A bullfrog skeleton (D:5)
  3 centaur skeletons (D:7)
  4 iguanas
  Ijyb (D:3)
  6 orc wizards
  2 killer bee zombies (D:7)
  A howler monkey zombie (D:9)
  A mummy (D:5)
  Robin (D:2)
  6 gnolls
  2 howler monkey skeletons
  6 adders
  An ufetubus (D:4)
  2 worms
  2 dart slugs
  27 orcs
  2 bats (D:1)
  4 endoplasms (D:2)
  4 giant cockroaches
  15 goblins
  3 hobgoblins
  A quokka (D:1)
  4 ball pythons
  5 frilled lizards
  A hobgoblin zombie (D:5)
  11 kobolds
  2 kobold zombies (D:5)
  An orc zombie (D:5)
  7 rats
172 creatures vanquished.

Vanquished Creatures (collateral kills)
  Pikel (D:4)
  3 lemures (D:4)
  A bullfrog (D:4)
  An orc priest (D:4)
  3 orcs (D:4)
9 creatures vanquished.

Vanquished Creatures (others)
  A bush (D:4)
  24 plants (D:4)
25 creatures vanquished.

Grand Total: 206 creatures vanquished

Notes
Turn   | Place    | Note
-------+----------+-------------------------------------------
     0 | D:1      | silky the Minotaur Chaos Knight began the quest for the
                  | Orb.
     0 | D:1      | Reached XP level 1. HP: 19/19 MP: 0/0
    73 | D:1      | Reached XP level 2. HP: 27/27 MP: 1/1
    86 | D:1      | XOM: silly message
   308 | D:1      | Found a faded altar of an unknown god.
   317 | D:1      | XOM is BORED!
   804 | D:2      | Reached XP level 3. HP: 31/33 MP: 2/2
   914 | D:2      | XOM: give mutations
   914 | D:2      | Gained mutation: You sometimes lose the ability to read
                  | scrolls when taking damage. [Xom's mischief]
   914 | D:2      | Gained mutation: You are clumsy. (Dex -2) [Xom's mischief]
   976 | D:2      | XOM: god gift: cloak {god gift}
  1029 | D:2      | You fall into a shaft and drop 1 floor!
  1029 | D:3      | Noticed a necrophage
  1073 | D:2      | XOM: god gift: scroll labelled LUPHOO YRYMUCW {god gift}
  1173 | D:2      | XOM: god gift: hunting sling {god gift}
  1180 | D:2      | Noticed Robin
  1185 | D:2      | XOM: silly message
  1189 | D:2      | XOM: enchant monster (good)
  1201 | D:2      | Killed Robin
  1202 | D:2      | Reached XP level 4. HP: 35/41 MP: 3/3
  1420 | D:2      | XOM: silly message
  1440 | D:3      | Found Icagrul's Armour Boutique.
  1559 | D:3      | XOM: god gift: 26 gold pieces
  1561 | D:3      | Noticed Ijyb
  1571 | D:3      | Killed Ijyb
  1572 | D:3      | Reached skill level 5 in Axes
  1777 | D:3      | Noticed a scorpion
  1784 | D:3      | Killed a scorpion
  1785 | D:3      | Reached skill level 5 in Fighting
  1785 | D:3      | Reached XP level 5. HP: 27/48 MP: 2/4
  2043 | D:3      | Found Zaciq's Weapon Shoppe.
  2127 | D:3      | Found Niawye's Distillery.
  2133 | D:3      | Found a runed translucent door.
  2137 | D:3      | Noticed croobank's ghost (amateur HOFi)
  2165 | D:3      | Killed a necrophage
  2166 | D:3      | Reached skill level 1 in Stealth
  2193 | D:3      | XOM: give mutations
  2193 | D:3      | Gained mutation: You are robust. (+10% HP) [Xom's grace]
  2193 | D:3      | Gained mutation: Your mind is acute. (Int +2) [Xom's grace]
  2193 | D:3      | Gained mutation: Your muscles are strong. (Str +2) [Xom's
                  | grace]
  2193 | D:3      | Gained mutation: You are very robust. (+20% HP) [Xom's
                  | grace]
  2331 | D:3      | Reached XP level 6. HP: 55/67 MP: 3/5
  2410 | D:3      | Found Wecrupea's Jewellery Shop.
  2427 | D:3      | XOM: scenery: 1 doors close
  2541 | D:3      | Found a runed translucent door.
  2542 | D:3      | Noticed Crazy Yiuf
  2548 | D:3      | Killed Crazy Yiuf
  2641 | D:3      | XOM: give mutations
  2641 | D:3      | Gained mutation: You have sharp toenails. [Xom's grace]
  2641 | D:3      | Gained mutation: You are partially covered in iridescent
                  | scales. (AC +2) [Xom's grace]
  2641 | D:3      | Lost mutation: You are clumsy. (Dex -2) [Xom's grace]
  2788 | D:3      | Killed croobank's ghost
  2789 | D:3      | Reached XP level 7. HP: 25/74 MP: 1/6
  3065 | D:4      | XOM: potion effect (invisibility)
  3066 | D:4      | Noticed Pikel
  3076 | D:4      | Noticed Menkaure
  3125 | D:4      | Killed Menkaure
  3126 | D:4      | Reached skill level 1 in Staves
  3172 | D:4      | XOM: confuse monster(s)
  3225 | D:4      | Found a staircase to the Ecumenical Temple.
  3225 | D:4      | XOM: 1-stop teleportation journey
  3230 | D:4      | XOM: summons friendly iron imp
  3233 | D:4      | Reached skill level 1 in Evocations
  3367 | D:4      | Reached XP level 8. HP: 60/85 MP: 7/7
  3409 | D:4      | XOM: scenery: summon butterflies
  3425 | D:4      | Killed Pikel
  3466 | D:4      | XOM: potion effect (haste)
  3762 | D:4      | Noticed Grinder
  3763 | D:4      | Paralysed by Grinder for 2 turns
  3895 | D:4      | Paralysed by Grinder for 3 turns
  3902 | D:4      | Killed Grinder
  3903 | D:4      | Reached skill level 5 in Staves
  3903 | D:4      | Reached skill level 5 in Armour
  3958 | D:4      | XOM: cloud trail
  4154 | D:5      | Entered Level 5 of the Dungeon
  4524 | D:5      | Reached XP level 9. HP: 94/94 MP: 8/8
  4589 | D:5      | XOM: confuse monster(s)
  5197 | D:6      | Found Liyhug Gyv's Antique Armour Shop.
  5299 | D:6      | XOM: noise
  5377 | D:6      | XOM: cloud trail
  5662 | D:6      | Bought a scale mail for 92 gold pieces
  5776 | D:7      | Identified a scroll of acquirement
  5779 | D:7      | Acquired a +3 executioner's axe of venom
  5899 | D:6      | Bought a pitted scale mail for 207 gold pieces
  5899 | D:6      | Identified the +1 scale mail "Aqiecas" {+Inv rPois} (You
                  | bought it in a shop on level 6 of the Dungeon)
  5940 | D:6      | XOM: divination: detect items
  6021 | D:7      | XOM: divination: detect creatures
  6210 | D:7      | Found a shimmering altar of Xom.
  6328 | D:7      | XOM: divination: detect creatures
  6403 | D:7      | Learned a level 1 spell: Beastly Appendage
  6633 | D:8      | XOM: noise
  6636 | D:8      | Found Sinif's Armour Boutique.
  6675 | D:8      | Reached XP level 10. HP: 102/108 MP: 7/9
  6699 | D:8      | XOM: god gift: brown potion {god gift}
  6797 | D:8      | Found Laesotagui's General Store.
  6813 | D:8      | Bought a scroll of identify for 28 gold pieces
  6896 | D:8      | XOM: enchant monster (good)
  6981 | D:8      | XOM: scenery: summon butterflies
  7010 | D:8      | XOM: cloud trail
  7072 | D:8      | XOM: silly message
  7304 | D:9      | XOM: cast spell 'Summon Ice Beast'
  7622 | D:9      | XOM: potion effect (berserk rage)
  7685 | D:9      | XOM: noise
  7688 | D:9      | XOM: summons 3 hostile shadow creatures
  7692 | D:9      | Lost mutation: You sometimes lose the ability to read
                  | scrolls when taking damage. [potion of mutation]
  7692 | D:9      | Lost mutation: You are partially covered in iridescent
                  | scales. (AC +2) [potion of mutation]
  7692 | D:9      | Lost mutation: Your mind is acute. (Int +2) [potion of
                  | mutation]
  7692 | D:9      | HP: 5/108 [yak[Xom] (1)]
  7692 | D:9      | Slain by a yak

Illustrated notes

Levels and vault maps discovered:
D:1:      dpeg_arrival_windows_large_door, layout_basic,
          shapermc_ecumenical_altar_notcrosses
D:2:      layout_loops_ring, serial_park_tiny_pond, uniq_robin
D:3:      layout_loops_ring, serial_shops, nicolae_shop_bloodbath_and_beyond,
          nicolae_shop_window_shopping, shop, nicolae_square_shop,
          hellmonk_ghost_happy_afterlife, hangedman_decor_points,
          uniq_crazy_yiuf_cottage, uniq_ijyb
D:4:      layout_cave_pools, minmay_temple_entry_wispy, serial_bayou,
          serial_bayou_pond_a, serial_bayou_lagoon_a, serial_bayou_pond_e,
          serial_bayou_ford_a, serial_bayou_pond_c, cheibrodos_gnoll_hut,
          uniq_grinder, uniq_menkaure, uniq_pikel
D:5:      layout_basic, hex_tiny, minmay_mini_ossuary
D:6:      layout_cave_pools, serial_shops, shop, minmay_misc_feat_nine_boxes
D:7:      layout_basic, lemuel_crystal_altar
D:8:      layout_rooms, serial_shops, shop, minmay_shop_grid_forest,
          grunt_decor_resistance
D:9:      layout_long_grid, lair_entry_dummy, hiddenorc1_lemuel

Skill      XL: |  1  2  3  4  5  6  7  8  9 10 |
---------------+-------------------------------+-----
Axes           | 4 5 6 7 8 9 |  9.8
Fighting       | 4 5 6 7 8 |  8.8
Armour         | 3 4 5 6 |  6.3
Stealth        | 1 2 3 |  3.7
Dodging        | 2 3 4 |  4.4
Staves         | 2 6 9 |  9.5
Evocations     | 1 |  1.3

Action                   |  1- 3 |  4- 6 |  7- 9 | 10-12 || total
-------------------------+-------+-------+-------+-------++-------
Melee: Hand axe          |    13 |       |       |       ||    13
       Headbutt          |     7 |     9 |    34 |    11 ||    61
       War axe           |    60 |    37 |       |       ||    97
       Quarterstaff      |       |    12 |   149 |       ||   161
       Kick              |       |     4 |    23 |       ||    27
       Executioner's axe |       |       |    54 |    50 ||   104
Evoke: Wand              |       |     5 |       |       ||     5
  Use: Scroll            |       |     1 |    10 |     3 ||    14
       Potion            |       |     1 |       |     1 ||     2
 Stab: Petrified         |     2 |       |       |       ||     2
       Sleeping          |       |     1 |     2 |       ||     3
       Paralysed         |       |       |       |     2 ||     2
Armor: Leather armour    |    26 |    24 |    54 |       ||   104
       Scale mail        |       |       |    38 |    45 ||    83
Dodge: Dodged            |    56 |    24 |   151 |    41 ||   272
